 Seeded DCSS version 0.29.1-15-g9cfb28693d (webtiles) character file.

Game seed: 10165163451824931987 (custom seed)

11 Psyclone the Stinger (level 2, 15/15 HPs)
             Began as a Deep Elf Venom Mage on Sept 23, 2023.
             Quit the game on level 1 of the Dungeon.
             The game lasted 00:01:07 (405 turns).

Psyclone the Stinger (Deep Elf Venom Mage)           Turns: 405, Time: 00:01:07

Health: 15/15      AC:  2    Str:  5    XL:     2   Next: 17%
Magic:  5/8        EV: 12    Int: 19    God:
Gold:   925        SH:  0    Dex: 15    Spells: 4/7 levels left

rFire   . . .      SeeInvis .   c - +0 short sword
rCold   . . .      Faith    .   (no shield)
rNeg    . . .      Spirit   .   a - +0 robe
rPois   .          Reflect  .   (no helmet)
rElec   .          Harm     .   (no cloak)
rCorr   .          Rampage  .   (no gloves)
Will    .....                   (no boots)
Stlth   ++........              (no amulet)
HPRegen 0.05/turn               (no ring)
MPRegen 0.11/turn               (no ring)

@: no status effects
A: no striking features
a: no special abilities


You were on level 1 of the Dungeon.
You visited 1 branch of the dungeon, and saw 1 of its levels.

You collected 925 gold pieces.

Inventory:

Hand Weapons
 c - a +0 short sword (weapon)
Armour
 a - a +0 robe (worn)
Scrolls
 d - a scroll of enchant weapon {unknown}
 e - a scroll of acquirement
Potions
 b - a potion of magic


   Skills:
 - Level 2.4 Dodging
 - Level 2.4 Stealth
 - Level 3.0 Spellcasting
 - Level 1.1 Transmutations
 + Level 4.1 Poison Magic


You had 4 spell levels left.
You knew the following spells:

 Your Spells              Type           Power      Damage    Failure   Level
a - Sting                 Tmut/Pois      48%        1d5       5%          1
v - Poisonous Vapours     Pois/Air       20%        N/A       10%         2

Your spell library contained the following spells:

 Spells                   Type           Power      Damage    Failure   Level
 Mephitic Cloud           Conj/Pois/Air  8%         N/A       26%         3
 Olgreb's Toxic Radiance  Pois           18%        N/A       28%         4


Dungeon Overview and Level Annotations

Branches:
Dungeon (1/15) Zot: 5595

Altars:


Message History

You kill the goblin!
You now have 3/8 mp.
Casting: Sting (safe; 5% risk of failure)
Confirm with . or Enter, or press ? or * to list all spells.
You can't see any susceptible monsters within range! (Use Z to cast anyway.) Unknown command.
Found a scroll labelled VASHRAI WAIM.
d - a scroll labelled OXEKLA BAOVEU You start resting.
Magic restored.
MP restored: 8 Memorise Poisonous Vapours, consuming 2 spell levels and leaving 4?
You start memorising the spell.
You continue memorising. x2
You finish memorising.
Spell assigned to 'v'.
Found 8 gold pieces.
You see here a +0 club.
A hobgoblin comes into view.
You see here a scroll of acquirement.
Casting: Sting (safe; 5% risk of failure)
Confirm with . or Enter, or press ? or * to list all spells.
Aiming: Poisonous Vapours (safe; 10% risk of failure)
Press: ? - help, Dir - move target, f - hobgoblin
Aim: a hobgoblin (asleep) Poisonous vapours surround the hobgoblin!
The hobgoblin is poisoned.
The hobgoblin shouts!
You now have 6/8 mp.
Casting: Poisonous Vapours (safe; 10% risk of failure)
Confirm with . or Enter, or press ? or * to list all spells.
Aiming: Poisonous Vapours (safe; 10% risk of failure)
Press: ? - help, Dir - move target, f/p - hobgoblin
Aim: a hobgoblin (poisoned) Poisonous vapours surround the hobgoblin!
The hobgoblin looks even sicker.
You now have 4/8 mp.
You see here a +0 club.
You kill the hobgoblin!
You see here a +0 club.
e - a scroll of acquirement Are you sure you want to abandon this character and quit the game? (Confirm with "yes".)

# #..# .#..#
.#..# .?.# #...
..####..# ##
........###....
$......@....#
#######)##..#
#######.##..##
.............#
.######..###.#
##.####....#
...........#
##.####.##.....
##### #.#
##.#####...#


There were no monsters in sight!

Vanquished Creatures
  2 endoplasms (D:1)
  3 goblins (D:1)
  3 hobgoblins (D:1)
  A bat (D:1)
9 creatures vanquished.

Notes
Turn   | Place    | Note
-------+----------+-------------------------------------------
     0 | D:1      | Psyclone the Deep Elf Venom Mage began the quest for the
                  | Orb.
     0 | D:1      | Reached XP level 1. HP: 10/10 MP: 6/6
   203 | D:1      | Identified a scroll of acquirement
   203 | D:1      | Acquired 907 gold pieces
   347 | D:1      | Reached skill level 4 in Poison Magic
   347 | D:1      | Reached XP level 2. HP: 15/15 MP: 4/8
   393 | D:1      | Learned a level 2 spell: Poisonous Vapours
   405 | D:1      | Quit the game

Illustrated notes

Levels and vault maps discovered:
D:1:      evilmike_arrival_fibonacci_small, layout_loops_ring, serial_shops,
          nicolae_shop_behind_doors, ebering_dispersal_statue_hall

Skill      XL: |  1 |
---------------+----+-----
Poison Magic   | 4 |  4.1
Dodging        | |  2.4
Stealth        | |  2.4
Spellcasting   | |  3.0
Transmutations | |  1.1

Action                   || total
-------------------------++-------
Melee: Short sword       ||     2
 Cast: Sting             ||    14
       Poisonous Vapours ||     2
  Use: Scroll            ||     1
 Stab: Sleeping          ||     1
Armor: Robe              ||     2
Dodge: Dodged            ||     8
